 Dungeon Crawl Stone Soup version 0.17-a0-1900-g45e8110 (webtiles) character file.

32 ketsa the Firebug (level 3, 0/21 HPs)
             Began as a High Elf Fire Elementalist on Sept 23, 2015.
             Succumbed to an adder's poison
             ... on level 1 of the Dungeon on Sept 24, 2015.
             The game lasted 00:07:14 (1351 turns).

ketsa the Firebug (High Elf Fire Elementalist)      Turns: 1351, Time: 00:07:15

Health: 0/21       AC:  2    Str:  7    XL:     3   Next: 10%
Magic:  1/8        EV: 13    Int: 19    God:
Gold:   24         SH:  0    Dex: 16    Spells: 2 memorised, 4 levels left

rFire  . . .     SeeInvis .     l - +0 short sword
rCold  . . .     Clarity  .     a - +0 robe
rNeg   . . .     SustAt   .     (no shield)
rPois  .         Gourm    .     (no helmet)
rElec  .         Spirit   .     (no cloak)
rCorr  .         Warding  .     (no gloves)
rMut   .         Stasis   +     (no boots)
MR     .....                    h - amulet of stasis
Stlth  ++........               (no ring)
                                (no ring)

@: lethally poisoned (0 -> -13), very slightly contaminated, not resistant to
hostile enchantments, unstealthy
A: no striking features
a: no special abilities


You were on level 1 of the Dungeon.
You were hungry.

You visited 1 branch of the dungeon, and saw 2 of its levels.

You collected 24 gold pieces.

Inventory:

Hand weapons
 d - a +0 mace
 l - a +0 short sword (weapon)
Missiles
 e - 30 arrows
Armour
 a - a +0 robe (worn)
 o - a +0 leather armour
Jewellery
 h - an amulet of stasis (around neck)
Scrolls
 f - 7 scrolls of identify {unknown}
 g - a scroll of fear {unknown}
 i - a scroll of remove curse {unknown}
 j - 2 scrolls of enchant weapon {unknown}
 k - a scroll of noise {unknown}
 n - a scroll of random uselessness {unknown}
Books
 b - a book of Flames

   Spells                             Type                      Level
   a - Flame Tongue                   Conjuration/Fire             1
   b - Throw Flame                    Conjuration/Fire             2
   c - Conjure Flame                  Conjuration/Fire             3
   d - Inner Flame                    Hexes/Fire                   3
   e - Sticky Flame                   Conjuration/Fire             4
   f - Fireball                       Conjuration/Fire             5
Comestibles
 c - 2 bread rations
 m - a fruit


   Skills:
 + Level 0.8 Short Blades
 + Level 2.7 Dodging
 - Level 2.1 Stealth
 + Level 2.7 Spellcasting
 + Level 1.2 Conjurations
 * Level 3.6 Fire Magic


You had 4 spell levels left.
You knew the following spells:

 Your Spells              Type           Power        Failure   Level  Hunger
a - Flame Tongue          Conj/Fire      ##...        8%          1    None
b - Throw Flame           Conj/Fire      ##....       10%         2    ##.....


Dungeon Overview and Level Annotations

Branches:
Dungeon (2/15)

Altars:


Message History

The flame tongue hits the adder.
You kill the adder!
You have reached level 3!
Your experience leads to an increase in your attributes!
Increase (S)trength, (I)ntelligence, or (D)exterity?
You feel clever.
You feel agile.
* * * LOW HITPOINT WARNING * * *
You feel sick.
You aren't carrying any potions.
You aren't carrying any potions.
You aren't carrying any items that can be evoked.
Put on which piece of jewellery? (? for menu, Esc to quit)
Okay, then.
* * * LOW HITPOINT WARNING * * *
You feel sick.
* * * LOW HITPOINT WARNING * * *
You feel sick.
* * * LOW HITPOINT WARNING * * *
You feel sick.
You die...

#.# #.#######.
#.##########.#######.
#............##...##.
#.####..####.##...##.
#.# #..# #.##.<.##.
#.# #.(# #.##...##.
#.# #..# #.##...##.
#.####..####.###'###.
#...@...>.(..###.###.
######..####.......).
#..# ##.....).. #..#
######.##
#..##########'##
#.......##......
#...######......
#...#.## #######
#......#########


There were no monsters in sight!

Vanquished Creatures
  An adder (D:1)
  A worm (D:1)
  5 bats (D:1)
  4 goblins (D:1)
  3 hobgoblins (D:1)
  A giant newt (D:1)
  4 kobolds (D:1)
  3 rats (D:1)
22 creatures vanquished.

Notes
Turn   | Place    | Note
--------------------------------------------------------------
     0 | D:1      | ketsa the High Elf Fire Elementalist began the quest for the Orb.
     0 | D:1      | Reached XP level 1. HP: 11/11 MP: 4/4
   351 | D:1      | Reached XP level 2. HP: 15/17 MP: 6/6
   710 | D:1      | Learned a level 2 spell: Throw Flame
   838 | D:1      | Upgraded the game from 0.17-a0-1887-g3e50df6 to 0.17-a0-1900-g45e8110
  1347 | D:1      | Reached XP level 3. HP: 6/21 MP: 1/8
  1350 | D:1      | HP: 1/21 [poisoned by an adder]
  1351 | D:1      | Succumbed to an adder's poison

Vault maps used:
D:1:      dpeg_arrival_rooms_a
D:2:      yredelemnul_forgotten_temple_becter, xom_butterflies

Action                   || total
-------------------------++-------
Melee: Mace              ||    23
       Short sword       ||    41
 Cast: Flame Tongue      ||    10
       Throw Flame       ||     3
 Stab: Sleeping          ||     2
  Eat: Fruit             ||     1
